| TOP OF THE 1ST |
|
Toronto Blue Jays batting - Pitching for Minnesota Twins : LHP Steve Trout
|
|
Pitching: LHP Steve Trout
|
|
|
Batting: LHB Sheldon Mallory
|
0-0: Foul Ball, location: 2F 0-1: Ball 1-1: Swinging Strike 1-2: Foul Ball, location: 2F 1-2: Foul Ball, location: 2F 1-2: Ball 2-2: Strikes out swinging
|
|
Batting: RHB Jose Gonzalez
|
0-0: Ball 1-0: Swinging Strike 1-1: Foul Ball, location: 2F 1-2: Foul Ball, location: 2F 1-2: Foul Ball, location: 2F 1-2: Ground out U3 (Groundball, 3, EV 107.5 MPH)
|
|
Batting: RHB Andres Galarraga
|
0-0: Ball 1-0: Foul Ball, location: 2F 1-1: Ball 2-1: Fly out, F8 (Flyball, 89D, EV 93.1 MPH)
|
| Top of the 1st over - 0 runs, 0 hits, 0 errors, 0 left on base; Toronto 0 - Minnesota 0 |
| BOTTOM OF THE 1ST |
|
Minnesota Twins batting - Pitching for Toronto Blue Jays : LHP Tom Deidel
|
|
Pitching: LHP Tom Deidel
|
|
|
Batting: RHB Chet Lemon
|
0-0: Ball 1-0: Called Strike 1-1: Ball 2-1: Foul Ball, location: 2F 2-2: TRIPLE (Line Drive, 89XD, EV 103.8 MPH)
|
|
Batting: RHB Josh Lynn
|
0-0: Called Strike 0-1: Foul Ball, location: 2F 0-2: Fly out, F8 (Line Drive, 8LD, EV 103.8 MPH) Runner from 3rd tags up, SCORES, no throw by CF
|
|
Batting: RHB Larry Hisle
|
0-0: Fly out, F7 (Flyball, 7, EV 84.4 MPH)
|
|
Batting: RHB George Foster
|
0-0: Foul Ball, location: 2F 0-1: Ball 1-1: Ball 2-1: Ball 3-1: Base on Balls
|
|
Batting: LHB Kevin Christensen
|
0-0: Called Strike 0-1: Ball 1-1: Called Strike 1-2: SINGLE (Line Drive, 8RS, EV 97.5 MPH) George Foster to second Runner from 2nd tries for 3rd, SAFE, no throw by CF
|
|
Batting: RHB Taylor Duncan
|
Pickoff Throw to First - Error! E1 George Foster scores Kevin Christensen to second 0-0: Ball 1-0: Swinging Strike 1-1: DOUBLE (Line Drive, 5D, EV 103.1 MPH) Kevin Christensen scores
|
|
Batting: RHB Tom Brown
|
0-0: Ball 1-0: Foul Ball, location: 2F 1-1: Ball 2-1: Foul Ball, location: 2F 2-2: SINGLE (Groundball, 34D, EV 105.0 MPH) Taylor Duncan to third Runner from 3rd tries for Home, SAFE, throw by RF to home
|
|
Batting: LHB Luis Alfaro
|
0-0: Called Strike 0-1: Called Strike 0-2: Foul Ball, location: 2F 0-2: Ball 1-2: Ball 2-2: Strikes out looking
|
| Bottom of the 1st over - 4 runs, 4 hits, 1 error, 1 left on base; Toronto 0 - Minnesota 4 |
| TOP OF THE 2ND |
|
Toronto Blue Jays batting - Pitching for Minnesota Twins : LHP Steve Trout
|
|
Batting: RHB Juan Monasterio
|
0-0: Foul Ball, location: 2F 0-1: Fly out, F9 (Flyball, 9LD, EV 101.3 MPH)
|
|
Batting: RHB Hubie Brooks
|
0-0: Swinging Strike 0-1: Called Strike 0-2: Ball 1-2: Foul Ball, location: 2F 1-2: Foul Ball, location: 2F 1-2: Fly out, F9 (Flyball, 9D, EV 98.1 MPH)
|
|
Batting: RHB Cal Ripken
|
0-0: Called Strike 0-1: Ball 1-1: Ball 2-1: DOUBLE (Line Drive, 9LM, EV 100.6 MPH)
|
|
Batting: LHB Darryl Strawberry
|
0-0: Ball 1-0: Called Strike 1-1: Ground out U3 (Groundball, 34, EV 86.9 MPH)
|
| Top of the 2nd over - 0 runs, 1 hit, 0 errors, 1 left on base; Toronto 0 - Minnesota 4 |
| BOTTOM OF THE 2ND |
|
Minnesota Twins batting - Pitching for Toronto Blue Jays : LHP Tom Deidel
|
|
Batting: RHB Jaden Smith
|
0-0: SINGLE (Line Drive, 8LS, EV 98.8 MPH)
|
|
Batting: RHB Chet Lemon
|
0-0: Ball 1-0: Ball 2-0: Ball 3-0: Base on Balls Jaden Smith to second
|
|
Batting: RHB Josh Lynn
|
0-0: Ball 1-0: Called Strike 1-1: Ball 2-1: Called Strike 2-2: Grounds into double play, 5-4-3 (Groundball, 56S, EV 81.3 MPH) Jaden Smith to third
|
|
Batting: RHB Larry Hisle
|
0-0: Ball 1-0: Ground out 4-3 (Groundball, 34, EV 81.3 MPH)
|
| Bottom of the 2nd over - 0 runs, 1 hit, 0 errors, 1 left on base; Toronto 0 - Minnesota 4 |
| TOP OF THE 3RD |
|
Toronto Blue Jays batting - Pitching for Minnesota Twins : LHP Steve Trout
|
|
Batting: RHB Fritzie Connally
|
0-0: Ball 1-0: Swinging Strike 1-1: Foul Ball, location: 2F 1-2: Ball 2-2: SINGLE (Line Drive, 3D, EV 98.8 MPH)
|
|
Batting: SHB Harold Reynolds
|
0-0: Fielders Choice at 2nd, 1-4 (Groundball, 25, EV 65.0 MPH)
|
|
Batting: LHB Sheldon Mallory
|
0-0: Called Strike Harold Reynolds steals 2nd base 0-1: Called Strike 0-2: Foul Ball, location: 2F 0-2: Ball 1-2: Strikes out swinging
|
|
Batting: RHB Jose Gonzalez
|
0-0: Ground out 4-3 (Groundball, 4, EV 98.1 MPH)
|
| Top of the 3rd over - 0 runs, 1 hit, 0 errors, 1 left on base; Toronto 0 - Minnesota 4 |
| BOTTOM OF THE 3RD |
|
Minnesota Twins batting - Pitching for Toronto Blue Jays : LHP Tom Deidel
|
|
Batting: RHB George Foster
|
0-0: Called Strike 0-1: Fly out, F8 (Flyball, 89S, EV 93.1 MPH)
|
|
Batting: LHB Kevin Christensen
|
0-0: Ball 1-0: Swinging Strike 1-1: Called Strike 1-2: Foul Ball, location: 2F 1-2: SINGLE (Groundball, 4M, EV 107.5 MPH) (infield hit)
|
|
Batting: RHB Taylor Duncan
|
0-0: Ball 1-0: Ball 2-0: Ball 3-0: Called Strike 3-1: Foul Ball, location: 2F 3-2: Foul Ball, location: 2F 3-2: Base on Balls Kevin Christensen to second
|
|
Batting: RHB Tom Brown
|
0-0: Ball 1-0: Grounds into double play, 4-6-3 (Groundball, 4, EV 101.3 MPH)
|
| Bottom of the 3rd over - 0 runs, 1 hit, 0 errors, 1 left on base; Toronto 0 - Minnesota 4 |
| TOP OF THE 4TH |
|
Toronto Blue Jays batting - Pitching for Minnesota Twins : LHP Steve Trout
|
|
Batting: RHB Andres Galarraga
|
0-0: Ball 1-0: Ball 2-0: Fly out, F7 (Line Drive, 7, EV 100.0 MPH)
|
|
Batting: RHB Juan Monasterio
|
0-0: Foul Ball, location: 2F 0-1: Called Strike 0-2: SINGLE (Line Drive, 78M, EV 107.5 MPH)
|
|
Batting: RHB Hubie Brooks
|
0-0: Ball 1-0: Called Strike 1-1: Ball 2-1: SINGLE (Groundball, 56D, EV 94.4 MPH) Juan Monasterio to second
|
|
Batting: RHB Cal Ripken
|
0-0: Ball 1-0: Ball 2-0: Called Strike 2-1: Grounds into double play, 5-4-3 (Groundball, 5, EV 86.9 MPH)
|
| Top of the 4th over - 0 runs, 2 hits, 0 errors, 1 left on base; Toronto 0 - Minnesota 4 |
| BOTTOM OF THE 4TH |
|
Minnesota Twins batting - Pitching for Toronto Blue Jays : LHP Tom Deidel
|
|
Batting: LHB Luis Alfaro
|
0-0: Foul Ball, location: 2F 0-1: Foul Ball, location: 2F 0-2: Ball 1-2: Ground out U3 (Groundball, 3, EV 102.5 MPH)
|
|
Batting: RHB Jaden Smith
|
0-0: Ball 1-0: Ground out 5-3 (Groundball, 56S, EV 74.4 MPH)
|
|
Batting: RHB Chet Lemon
|
0-0: Ball 1-0: Ball 2-0: Ball 3-0: Base on Balls
|
|
Batting: RHB Josh Lynn
|
0-0: Fly out, F7 (Flyball, 7, EV 89.4 MPH)
|
| Bottom of the 4th over - 0 runs, 0 hits, 0 errors, 1 left on base; Toronto 0 - Minnesota 4 |
| TOP OF THE 5TH |
|
Toronto Blue Jays batting - Pitching for Minnesota Twins : LHP Steve Trout
|
|
Pitching: LHP Tom Hall
|
|
|
Batting: LHB Darryl Strawberry
|
0-0: Ball 1-0: Called Strike 1-1: Ball 2-1: Swinging Strike 2-2: Ball 3-2: Strikes out swinging
|
|
Batting: RHB Fritzie Connally
|
0-0: Called Strike 0-1: Swinging Strike 0-2: Strikes out swinging
|
|
Batting: SHB Harold Reynolds
|
0-0: Ground out 6-3 (Groundball, 56, EV 96.3 MPH)
|
| Top of the 5th over - 0 runs, 0 hits, 0 errors, 0 left on base; Toronto 0 - Minnesota 4 |
| BOTTOM OF THE 5TH |
|
Minnesota Twins batting - Pitching for Toronto Blue Jays : LHP Tom Deidel
|
|
Pitching: LHP John Marshall
|
|
|
Batting: RHB Larry Hisle
|
0-0: Ground out 5-3 (Groundball, 56, EV 81.3 MPH)
|
|
Batting: RHB George Foster
|
0-0: Called Strike 0-1: Ball 1-1: Swinging Strike 1-2: Ball 2-2: Ball 3-2: Strikes out looking
|
|
Batting: LHB Kevin Christensen
|
0-0: Ball 1-0: Ball 2-0: Foul Ball, location: 2F 2-1: Foul Ball, location: 2F 2-2: Ball 3-2: Base on Balls
|
|
Batting: RHB Taylor Duncan
|
0-0: Ball 1-0: Called Strike 1-1: Ball 2-1: Ball 3-1: Base on Balls Kevin Christensen to second
|
|
Batting: RHB Tom Brown
|
0-0: Foul Ball, location: 2F 0-1: Foul Ball, location: 2F 0-2: Ball 1-2: SINGLE (Line Drive, 78S, EV 105.0 MPH) Kevin Christensen to third Taylor Duncan to second Runner from 3rd tries for Home, SAFE, throw by CF to home
|
|
Batting: LHB Luis Alfaro
|
0-0: Fly out, F9 (Flyball, 9S, EV 94.4 MPH)
|
| Bottom of the 5th over - 1 run, 1 hit, 0 errors, 2 left on base; Toronto 0 - Minnesota 5 |
| TOP OF THE 6TH |
|
Toronto Blue Jays batting - Pitching for Minnesota Twins : LHP Tom Hall
|
|
Batting: LHB Sheldon Mallory
|
0-0: Ball 1-0: Swinging Strike 1-1: Ball 2-1: Foul Ball, location: 2F 2-2: Strikes out swinging
|
|
Batting: RHB Jose Gonzalez
|
0-0: Ball 1-0: Called Strike 1-1: Fly out, F4 (Line Drive, 4, EV 68.8 MPH)
|
|
Batting: RHB Andres Galarraga
|
0-0: Ball 1-0: Called Strike 1-1: Swinging Strike 1-2: Foul Ball, location: 2F 1-2: Foul Ball, location: 2F 1-2: Ball 2-2: Foul Ball, location: 2F 2-2: Ball 3-2: Foul Ball, location: 2F 3-2: Foul Ball, location: 2F 3-2: Base on Balls
|
|
Batting: RHB Juan Monasterio
|
0-0: Foul Ball, location: 2F 0-1: SINGLE (Groundball, 6MD, EV 100.0 MPH) Andres Galarraga to second Runner from 2nd tries for 3rd, SAFE, no throw by CF
|
|
Batting: RHB Hubie Brooks
|
0-0: Ball 1-0: Ball 2-0: Called Strike 2-1: Ball 3-1: Base on Balls Juan Monasterio to second
|
|
Batting: RHB Cal Ripken
|
0-0: Ball 1-0: Ball 2-0: Called Strike 2-1: Swinging Strike 2-2: Fly out, F8 (Flyball, 8LXD, EV 103.8 MPH)
|
| Top of the 6th over - 0 runs, 1 hit, 0 errors, 3 left on base; Toronto 0 - Minnesota 5 |
| BOTTOM OF THE 6TH |
|
Minnesota Twins batting - Pitching for Toronto Blue Jays : LHP John Marshall
|
|
Batting: RHB Jaden Smith
|
0-0: Foul Ball, location: 2F 0-1: Foul Ball, location: 2F 0-2: Ball 1-2: Ball 2-2: Foul Ball, location: 2F 2-2: Ball 3-2: Foul Ball, location: 2F 3-2: Base on Balls
|
|
Pinch Hitting: SHB Jerry Mumphrey
|
0-0: Ball 1-0: Called Strike 1-1: Ball 2-1: Ball 3-1: Base on Balls Jaden Smith to second
|
|
Pinch Hitting: RHB Brook Jacoby
|
0-0: Fly out, F8 (Flyball, 89M, EV 89.4 MPH)
|
|
Pinch Hitting: LHB Lloyd Moseby
|
0-0: Ball 1-0: Foul Ball, location: 2F 1-1: SINGLE (Line Drive, 6D, EV 107.5 MPH) Jaden Smith to third Jerry Mumphrey to second Runner from 3rd tries for Home, SAFE, throw by LF to home
|
|
Pinch Hitting: LHB Eloy Escobedo
|
0-0: Ball 1-0: Called Strike 1-1: Fielders Choice at 2nd, 4-6 (Groundball, 4D, EV 90.0 MPH) Jerry Mumphrey to third
|
|
Batting: RHB Randy Edwards
|
0-0: Called Strike 0-1: DOUBLE (Groundball, 3L, EV 105.0 MPH) Jerry Mumphrey scores Eloy Escobedo to third Runner from 3rd tries for Home, SAFE, throw by RF to trailing runner, SAFE at third!
|
|
Pinch Hitting: RHB Tack Wilson
|
0-0: Ball 1-0: Called Strike 1-1: SINGLE (Groundball, 25, EV 68.8 MPH) (infield hit) Randy Edwards scores
|
|
Pitching: RHP Stephen Williams
|
|
|
Batting: RHB Tom Brown
|
0-0: Ball 1-0: Foul Ball, location: 2F 1-1: SINGLE (Line Drive, 56, EV 98.8 MPH) Tack Wilson to second
|
|
Pinch Hitting: LHB Ken Oberkfell
|
0-0: Ball 1-0: Foul Ball, location: 2F 1-1: Foul Ball, location: 2F 1-2: Ball 2-2: Ball 3-2: Fly out, F9 (Flyball, 9, EV 96.3 MPH)
|
| Bottom of the 6th over - 4 runs, 4 hits, 0 errors, 2 left on base; Toronto 0 - Minnesota 9 |
| TOP OF THE 7TH |
|
Toronto Blue Jays batting - Pitching for Minnesota Twins : LHP Tom Hall
|
|
Now at 2B: Tack Wilson
|
|
|
Now at 3B: Brook Jacoby
|
|
|
Now at SS: Ken Oberkfell
|
|
|
Now in LF: Lloyd Moseby
|
|
|
Now in CF: Eloy Escobedo
|
|
|
Now in RF: Jerry Mumphrey
|
|
|
Batting: LHB Darryl Strawberry
|
0-0: Called Strike 0-1: Ball 1-1: SINGLE (Groundball, 34D, EV 105.0 MPH)
|
|
Pitching: RHP Mark Fidrych
|
|
|
Pinch Hitting: SHB Al Pardo
|
0-0: Called Strike Darryl Strawberry steals 2nd base 0-1: Ball 1-1: Foul Ball, location: 2F 1-2: Strikes out swinging
|
|
Batting: SHB Harold Reynolds
|
0-0: Called Strike 0-1: Ball 1-1: Called Strike 1-2: Ball 2-2: Ball 3-2: Base on Balls
|
|
Pinch Hitting: LHB Manny Leal
|
0-0: Ball 1-0: Called Strike 1-1: Swinging Strike 1-2: Ball 2-2: Ball 3-2: Strikes out swinging Darryl Strawberry steals 3rd base Batter strikes out. Harold Reynolds to second
|
|
Pinch Hitting: LHB Ray Cosey
|
0-0: Ball 1-0: Swinging Strike 1-1: Ball 2-1: Ground out 4-3 (Groundball, 4, EV 80.0 MPH)
|
| Top of the 7th over - 0 runs, 1 hit, 0 errors, 2 left on base; Toronto 0 - Minnesota 9 |
| BOTTOM OF THE 7TH |
|
Minnesota Twins batting - Pitching for Toronto Blue Jays : RHP Stephen Williams
|
|
Now at 1B: Al Pardo
|
|
|
Now in LF: Manny Leal
|
|
|
Now in CF: Ray Cosey
|
|
|
Pinch Hitting: RHB Steve Brye
|
0-0: Ball 1-0: Called Strike 1-1: Ball 2-1: Foul Ball, location: 2F 2-2: Foul Ball, location: 2F 2-2: Fly out, F8 (Flyball, 89D, EV 100.0 MPH)
|
|
Batting: SHB Jerry Mumphrey
|
0-0: Called Strike 0-1: Ball 1-1: Ball 2-1: Called Strike 2-2: SINGLE (Groundball, 34D, EV 97.5 MPH)
|
|
Batting: RHB Brook Jacoby
|
0-0: SINGLE (Line Drive, 56D, EV 96.3 MPH) Jerry Mumphrey to second
|
|
Batting: LHB Lloyd Moseby
|
0-0: Fly out, F9 (Flyball, 89S, EV 83.1 MPH)
|
|
Batting: LHB Eloy Escobedo
|
0-0: Ball 1-0: Ball 2-0: Foul Ball, location: 2F 2-1: Foul Ball, location: 2F 2-2: Foul Ball, location: 2F 2-2: Ball 3-2: Fly out, F7 (Flyball, 7S, EV 89.4 MPH)
|
| Bottom of the 7th over - 0 runs, 2 hits, 0 errors, 2 left on base; Toronto 0 - Minnesota 9 |
| TOP OF THE 8TH |
|
Toronto Blue Jays batting - Pitching for Minnesota Twins : RHP Mark Fidrych
|
|
Now at 1B: Steve Brye
|
|
|
Batting: RHB Andres Galarraga
|
0-0: Foul Ball, location: 2F 0-1: Called Strike 0-2: Strikes out swinging
|
|
Pinch Hitting: RHB Jeremy Nelson
|
0-0: DOUBLE (Line Drive, 7LS, EV 101.9 MPH)
|
|
Batting: RHB Jim G Wilson
|
0-0: Called Strike 0-1: Swinging Strike 0-2: Ball 1-2: Foul Ball, location: 2F 1-2: Foul Ball, location: 2F 1-2: Ball 2-2: Strikes out swinging
|
|
Pinch Hitting: RHB Jose Carrillo
|
0-0: Called Strike 0-1: Foul Ball, location: 2F 0-2: Ball 1-2: Fly out, F7 (Flyball, 7LM, EV 70.6 MPH)
|
| Top of the 8th over - 0 runs, 1 hit, 0 errors, 1 left on base; Toronto 0 - Minnesota 9 |
| BOTTOM OF THE 8TH |
|
Minnesota Twins batting - Pitching for Toronto Blue Jays : RHP Stephen Williams
|
|
Now at 3B: Jeremy Nelson
|
|
|
Now at SS: Jose Carrillo
|
|
|
Batting: RHB Randy Edwards
|
0-0: DOUBLE (Flyball, 8LXD, EV 97.5 MPH)
|
|
Batting: RHB Tack Wilson
|
0-0: Fly out, F9 (Flyball, 9, EV 83.1 MPH)
|
|
Batting: RHB Tom Brown
|
0-0: Ball 1-0: Ball 2-0: Swinging Strike 2-1: DOUBLE (Line Drive, 78XD, EV 103.8 MPH) Randy Edwards scores
|
|
Batting: LHB Ken Oberkfell
|
0-0: Ground out 4-3 (Groundball, 4M, EV 100.6 MPH) Tom Brown to third
|
|
Batting: RHB Steve Brye
|
0-0: Foul Ball, location: 2F 0-1: Ball 1-1: Foul Ball, location: 2F 1-2: Ball 2-2: Fly out, F8 (Line Drive, 8LD, EV 91.3 MPH)
|
| Bottom of the 8th over - 1 run, 2 hits, 0 errors, 1 left on base; Toronto 0 - Minnesota 10 |
| TOP OF THE 9TH |
|
Toronto Blue Jays batting - Pitching for Minnesota Twins : RHP Mark Fidrych
|
|
Pinch Hitting: RHB Dave Meier
|
0-0: Ball 1-0: Called Strike 1-1: Ball 2-1: Ground out 5-3 (Groundball, 56S, EV 86.3 MPH)
|
|
Batting: SHB Al Pardo
|
0-0: Fly out, F8 (Flyball, 8LD, EV 86.3 MPH)
|
|
Pinch Hitting: RHB Alex Villalobos
|
0-0: Called Strike 0-1: Ground out 4-3 (Groundball, 4, EV 90.0 MPH)
|
| Top of the 9th over - 0 runs, 0 hits, 0 errors, 0 left on base; Toronto 0 - Minnesota 10 |
|